 Dungeon Crawl Stone Soup version 0.31-a0-263-ge8cad7f256 (webtiles) character file.

Game seed: 6003550975720256852

1254 Pooter the Cleaver (level 8, -4/66 (71) HPs)
             Began as a Minotaur Monk on July 13, 2023.
             Was a Priest of Okawaru.
             Slain by a wight
             ... wielding a +4 falchion
              (9 damage)
             ... on level 5 of the Dungeon.
             The game lasted 00:17:38 (4562 turns).

Pooter the Cleaver (Minotaur Monk)                  Turns: 4562, Time: 00:17:39

HP:   -4/66 (71)    AC: 13    Str: 17    XL:     8   Next: 26%
MP:   7/9           EV:  8    Int:  7    God:    Okawaru [***...]
Gold: 213           SH:  0    Dex: 14    Spells: 7/7 levels left

rFire   + . .        a - +0 war axe
rCold   x . .        d - orb {light}
rNeg    . . .        j - +0 plate armour
rPois   .            (helmet restricted)
rElec   .            (no cloak)
rCorr   .            (no gloves)
SInv    .            o - +0 pair of boots
Will    .....        (no amulet) Stlth
                     i - ring of fire
HPRegen 0.31/turn    (no ring)
MPRegen 0.11/turn

%: no passive effects
@: heroic, glowing, drained
A: horns 2, retaliatory headbutt
a: Renounce Religion, Heroism


You were on level 5 of the Dungeon.
You worshipped Okawaru.
Okawaru was most pleased with you.
You visited 1 branch of the dungeon, and saw 6 of its levels.

You collected 213 gold pieces.

Inventory:

Hand Weapons
 a - a +0 war axe (weapon)
   (You found it on level 2 of the Dungeon)
 b - a +0 shortbow
   (You took it off a centaur on level 5 of the Dungeon)
 m - a +0 trident
   (You took it off an orc on level 3 of the Dungeon)
Missiles
 n - 2 poisoned darts
 Q - 35 stones (quivered)
Armour
 d - an orb of light (worn)
 j - a +0 plate armour (worn)
   (You found it on level 1 of the Dungeon)
 o - a +0 pair of boots (worn)
   (You found it on level 1 of the Dungeon)
 q - a +0 pair of gloves
   (You found it on level 5 of the Dungeon)
Jewellery
 i - a ring of fire (left hand)
   (You found it on level 2 of the Dungeon)
 F - a ring of protection from fire
   (You found it on level 5 of the Dungeon)
Talismans
 p - a beast talisman
   (You found it on level 4 of the Dungeon)
Wands
 f - a wand of flame (27)
   (You found it on level 4 of the Dungeon)
Scrolls
 g - 6 scrolls of poison {!r}
 h - 3 scrolls of revelation
 k - 5 scrolls of enchant weapon {unknown}
 l - a scroll of teleportation {unknown}
Potions
 c - 3 potions of ambrosia
 e - a potion of curing {unknown}
 r - 3 potions of invisibility {unknown}
 s - a potion of mutation {unknown}
 t - a potion of heal wounds {unknown}


   Skills:
 + Level 6.8(11.8) Fighting
 * Level 9.0(14.0) Axes
 * Level 3.1(8.1) Ranged Weapons
 - Level 3.2(8.2) Dodging
 + Level 3.5 Invocations
 - Level 1.0 Shapeshifting


You had 7 spell levels left.
You didn't know any spells.
Your spell library contained the following spells:

 Spells                   Type           Power      Damage    Failure   Level
 Poisonous Vapours        Pois/Air       0%         N/A       100%        2
 Static Discharge         Conj/Air       0%         2-2/arc   100%        2
 Mephitic Cloud           Conj/Pois/Air  0%         N/A       100%        3
 Portal Projectile        Hex/Tloc       0%         N/A       100%        3
 Airstrike                Air            0%         2d(0-16)  100%        4
 Leda's Liquefaction      Hex/Erth       0%         N/A       100%        4
 Freezing Cloud           Conj/Ice/Air   0%         6-21      100%        5
 Call Canine Familiar     Summ           Unusable   N/A       N/A         3
 Summon Lightning Spire   Summ/Air       Unusable   N/A       N/A         4

Dungeon Overview and Level Annotations

Branches:
Dungeon (6/15) Zot: 26600
 Temple: D:4-7

Altars:
Okawaru
Ru
Uskayaw

Shops:
D:5 *


Innate Abilities, Weirdness & Mutations

You have a pair of horns on your head.
You reflexively headbutt those who attack you in melee.


Message History

You hit the wight but do no damage.
The wight hits you with a +1 long sword!
* * * LOW HITPOINT WARNING * * *
You hit the wight.
The wight hits you with a +1 long sword.
* * * LOW HITPOINT WARNING * * *
You feel drained.
* * * LOW HITPOINT WARNING * * *
You hit the wight but do no damage.
The wight hits you with a +1 long sword.
* * * LOW HITPOINT WARNING * * *
You hit the wight.
You destroy the wight!
Okawaru accepts your kill.
Things that are here:
a +1 long sword; a +0 robe
There is a stone staircase leading down, spattered with blood here.
You start resting.
You start waiting.
Done waiting.
You climb downwards.
The hound bites you but does no damage. The wight hits you with a +4 falchion.
The hound barely misses you. The wight barely misses you.
You furiously retaliate!
You headbutt the wight!
There is a stone staircase leading up, spattered with blood here.
The hound bites you.
The ogre hits you with a +0 giant club!!
The wight hits you with a +4 falchion!
* * * LOW HITPOINT WARNING * * *
You climb upwards.
There is a stone staircase leading down, spattered with blood here.
You gain the combat prowess of a mighty hero.
The hound bites you.
* * * LOW HITPOINT WARNING * * *
The hound bites you but does no damage. The wight hits you with a +4 falchion.
* * * LOW HITPOINT WARNING * * *
You hit the ogre but do no damage. You headbutt the ogre. You hit the wight.
You slash the hound! The hound bites you but does no damage.
The ogre hits you with a +0 giant club!
* * * LOW HITPOINT WARNING * * *
You hit the ogre. You headbutt the ogre. You hit the hound but do no damage.
You hit the wight but do no damage. The hound bites you but does no damage.
The wight hits you with a +4 falchion.
* * * LOW HITPOINT WARNING * * *
You feel drained.
* * * LOW HITPOINT WARNING * * *
You hit the ogre. You hit the wight. You slash the hound!
You kill the hound!
Okawaru accepts your kill. The wight hits you with a +4 falchion!
You die...

.................##.......##
....###.#........#.#######.#
##..# #.#.#####..#.#.?...#.##
##..###.#.# #....#.∩.>.#..#####
........#.# #.##.#.....#......#
##..#####.# ##.##.#######.####.#
#..#####.####.#.##.......## #.#
#............###z##...########..
#........####.#@[##...†.....##.#
##..###..# ##O#.##...#####.##.#
###..# #..#####.#.###### #.##.#
.....# #........#.# #.##.#
...### ##...>.#.#.# #.##.# ...#
######.##.# #.##.# ...# #.....#
#.##.# ...# #..#### #.....
...###### #..# ##.....


You could see an ogre and a wight.

Vanquished Creatures
  Prince Ribbit (D:5)
  An ice beast (D:5)
  A black bear (D:5)
  A centaur (D:5)
  A phantom (D:5)
  A bullfrog (D:5)
  A scorpion (D:5)
  2 wights
  A jelly (D:4)
  2 hounds (D:5)
  3 orc priests
  2 iguanas (D:4)
  3 orc wizards
  9 adders
  4 gnolls
  A shadow imp (D:5)
  An ufetubus (D:5)
  2 worms (D:3)
  4 dart slugs
  10 orcs
  9 endoplasms
  2 giant cockroaches
  5 goblins
  6 hobgoblins
  6 jackals
  3 kobolds
  3 quokkas
  5 ball pythons
  A bat (D:3)
  3 frilled lizards
  3 rats
97 creatures vanquished.

Notes
Turn   | Place    | Note
-------+----------+-------------------------------------------
     0 | D:1      | Pooter the Minotaur Monk began the quest for the Orb.
     0 | D:1      | Reached XP level 1. HP: 19/19 MP: 0/0
   130 | D:1      | Reached skill level 4 in Axes
   150 | D:1      | Reached XP level 2. HP: 27/27 MP: 1/1
   419 | D:1      | Found a faded altar of an unknown god.
   536 | D:2      | Reached XP level 3. HP: 30/33 MP: 2/2
  1113 | D:2      | Reached skill level 5 in Axes
  1312 | D:3      | Noticed a +0 short sword
  1313 | D:3      | Noticed a +0 dagger
  1313 | D:3      | Noticed a +0 falchion
  1314 | D:3      | Noticed a +0 short sword
  1314 | D:3      | Noticed a +0 falchion
  1315 | D:3      | Noticed a +0 dagger
  1315 | D:3      | Noticed a +0 spear
  1315 | D:3      | Noticed a +0 spear
  1318 | D:3      | Reached XP level 4. HP: 41/41 MP: 3/3
  1329 | D:3      | Found a hide-covered altar of Uskayaw.
  1508 | D:3      | Found an iron altar of Okawaru.
  1520 | D:3      | Became a worshipper of Warmaster Okawaru
  1520 | D:3      | Reached * piety under Okawaru
  1520 | D:3      | Reached ** piety under Okawaru
  1665 | D:3      | Reached skill level 6 in Axes
  1711 | D:3      | Reached skill level 5 in Fighting
  1711 | D:3      | Reached XP level 5. HP: 48/48 MP: 4/4
  1757 | D:3      | Found a sacrificial altar of Ru.
  2097 | D:4      | Reached skill level 1 in Invocations
  2371 | D:4      | Reached XP level 6. HP: 56/56 MP: 4/6
  2386 | D:4      | Reached skill level 7 in Axes
  3122 | D:5      | Entered Level 5 of the Dungeon
  3139 | D:5      | Found Naafay's General Store.
  3156 | D:5      | Noticed Prince Ribbit
  3165 | D:5      | Killed Prince Ribbit
  3166 | D:5      | Reached skill level 1 in Shapeshifting
  3166 | D:5      | Reached XP level 7. HP: 33/63 MP: 4/7
  3373 | D:5      | Reached skill level 8 in Axes
  3559 | D:5      | Reached skill level 1 in Ranged Weapons
  3993 | D:5      | Reached *** piety under Okawaru
  3994 | D:5      | Reached XP level 8. HP: 70/71 MP: 9/9
  4175 | D:6      | Reached skill level 9 in Axes
  4562 | D:5      | Slain by a wight

Illustrated notes

Levels and vault maps discovered:
D:1:      lightli_arrival_boilingwater, layout_rooms,
          shapermc_ecumenical_altar_notcrosses
D:2:      layout_loops_ring
D:3:      wander_river, layout_basic, okawaru_gym_becter,
          nicolae_ru_path_of_blood, nicolae_uskayaw_en_pointe,
          minmay_starry_boxes
D:4:      layout_basic, st_stairs_5
D:5:      layout_loops_ring, nicolae_take_the_stairs, minmay_misc_feat_tower,
          uniq_prince_ribbit1
D:6:      layout_basic, kennysheep_mini_moat, temple_pool_b, uniq_sigmund

Skill      XL: |  1  2  3  4  5  6  7  8 |
---------------+-------------------------+-----
Axes           | 4 5 6 7 8 9 |  9.0
Fighting       | 4 5 6 |  6.8
Invocations    | 1 2 3 |  3.5
Shapeshifting  | 1 |  1.0
Ranged Weapons | 2 3 |  3.1
Dodging        | |  3.2

Action                     |  1- 3 |  4- 6 |  7- 9 || total
---------------------------+-------+-------+-------++-------
  Melee: Hand axe          |    44 |       |       ||    44
         Headbutt          |    10 |    16 |    13 ||    39
         War axe           |    19 |    86 |    49 ||   154
  Throw: Dart              |       |       |     2 ||     2
         Stone             |       |       |     3 ||     3
 Invoke: Heroism           |       |     4 |     3 ||     7
  Evoke: Wand              |       |     8 |       ||     8
    Use: Scroll            |     2 |       |       ||     2
 Armour: Robe              |     4 |       |       ||     4
         Plate armour      |    13 |    60 |    32 ||   105
         Ring mail         |     5 |       |       ||     5
  Dodge: Dodged            |    25 |    26 |    17 ||    68
   Form: Beast             |       |     1 |       ||     1
                           |       |       |     1 ||     1

Table legend: (Time is in decaauts)
 A = Elapsed time spent in this place.
 B = Non-inter-level travel time spent in this place.
 C = Inter-level travel time spent in this place.
 D = Time resting spent in this place.
 E = Time spent auto-exploring this place.
 F = Levels seen in this place.
 G = Mean time per level.
                   A        B        C        D        E       F      G
               +--------+--------+--------+--------+--------+-----+--------+
         Total |   4616 |   4483 |    133 |    956 |   2819 |   6 |  769.3 |
       Dungeon |   4616 |   4483 |    133 |    956 |   2819 |   6 |  769.3 |
               +--------+--------+--------+--------+--------+-----+--------+

Top non-repeatable levels by time:
     D:5: 1293 daAuts
     D:3: 1059 daAuts
     D:4: 830 daAuts
     D:2: 743 daAuts
     D:1: 543 daAuts
     D:6: 145 daAuts
